 Dungeon Sprint DCSS version 0.31-a0-879-g1609e0ac53 (webtiles) character file.

Game seed: 1364473297562582214

330 rocky1 the Nimble (level 6, -1/49 HPs)
             Began as a Djinni Gladiator on Oct 15, 2023.
             Slain by a boulder beetle (18 damage)
             ... in the Dungeon (Sprint II: "The Violet Keep of Menkaure").
             The game lasted 00:00:57 (73 turns).

rocky1 the Nimble (Djinni Gladiator)                  Turns: 73, Time: 00:00:57

Health: -1/49      AC:  4    Str: 13    XL:     6   Next: 81%
Gold:   243        EV: 16    Int:  9    God:
                   SH:  0    Dex: 17

rFire   + + .        a - +0 long sword
rCold   x . .        (no shield)
rNeg    . . .        b - +0 leather armour
rPois   ∞            c - +0 helmet
rElec   .            (no cloak)
rCorr   .            (no gloves)
SInv    .            (boots unavailable)
Will    .....        (no amulet)
Stlth   +            (no ring)
HPRegen 0.28/turn    (no ring)
MPRegen 0.00/turn

%: no teleportation, infuse magic (-2 HP)
@: flying, hasted, very quick
A: sickness immunity, fire resistance 2, cold vulnerability 1, float, innate
caster, HP casting, extra vitality 1
a: no special abilities


You were in the Dungeon.
You visited 1 branch You collected 243 gold pieces.

Inventory:

Hand Weapons
 a - a +0 long sword (weapon)
Missiles
 d - 3 throwing nets (quivered)
 e - a javelin
Armour
 b - a +0 leather armour (worn)
 c - a +0 helmet (worn)
Scrolls
 j - a scroll of blinking


   Skills:
 + Level 5.2 Fighting
 + Level 9.0 Long Blades
 - Level 2.4 Throwing
 + Level 1.7 Armour
 + Level 9.1 Dodging


You knew the following spells:

 Your Spells              Type           Power      Damage    Failure   Level
a - Apportation           Tloc           0%         N/A       45%         1
b - Scorch                Fire           0%         2d5       61%         2
Your spell library was empty.

Dungeon Overview and Level Annotations

Branches:
Dungeon (1/1)

Altars:


Innate Abilities, Weirdness & Mutations

You are immune to sickness and miasma.
You are immune to poison.
Your flesh is very heat resistant. (rF++)
You are vulnerable to cold. (rC-)
You float through the air rather than walking.
You learn spells naturally, not from books.
Your magical power is your life essence.
You have superior vitality. (+4 MHP)


Message History

Menkaure is moderately damaged.
Menkaure calls on the powers of darkness!
Your body is wracked with pain!
The boulder beetle convulses!
You hit Menkaure but do no damage.
Menkaure is moderately damaged.
You slash Menkaure!
Menkaure is heavily damaged.
Menkaure barely misses you.
You hit Menkaure.
Menkaure is almost destroyed.
The boulder beetle curls into a ball and begins rolling!
You hit Menkaure.
You destroy Menkaure!
Your Fighting skill increases to level 5!
Your Long Blades skill increases to level 9!
Your Dodging skill increases to level 9!
Unknown command.
There is an open door here.
Things that are here:
a necrophage corpse; a necrophage corpse As you close the door, pushing everything out of the way, it creaks loudly!
You reach down and open the door.
You hit the boulder beetle but do no damage.
You punch the boulder beetle, but do no damage.
The boulder beetle is heavily wounded.
You hit the boulder beetle but do no damage.
The boulder beetle is heavily wounded.
The boulder beetle barely misses you.
You hit the boulder beetle but do no damage.
The boulder beetle is heavily wounded.
The boulder beetle bites you.
You hit the boulder beetle but do no damage.
The boulder beetle is heavily wounded.
You hit the boulder beetle.
The boulder beetle is heavily wounded.
The boulder beetle closely misses you.
You hit the boulder beetle but do no damage.
The boulder beetle is heavily wounded.
The boulder beetle bites you!!
You die...

# #+# .##
##.##B..#
+.<.○#
##†##B..#
##B## .##
#.@†# #
#..#..#
##.#.##
##+##


You could see a boulder beetle.

Vanquished Creatures
  Menkaure (D)
  4 necrophages (D)
5 creatures vanquished.

Notes
Turn   | Place    | Note
-------+----------+-------------------------------------------
     0 | D        | rocky1 the Djinni Gladiator began the quest for the Orb.
     0 | D        | Reached XP level 1. HP: 18/18 MP: 0/0
     1 | D        | Noticed a boulder beetle
     1 | D        | Noticed a boulder beetle
     5 | D        | Noticed a necrophage
     5 | D        | Noticed a necrophage
     5 | D        | Noticed a necrophage
     5 | D        | Noticed a necrophage
    12 | D        | Killed a necrophage
    13 | D        | Reached skill level 5 in Long Blades
    13 | D        | Reached skill level 5 in Dodging
    13 | D        | Reached XP level 2. HP: 25/25 MP: 0/0
    13 | D        | Reached XP level 3. HP: 30/30 MP: 0/0
    13 | D        | Learned a level 1 spell: Apportation
    13 | D        | Reached XP level 4. HP: 35/35 MP: 0/0
    18 | D        | Killed a necrophage
    19 | D        | Reached XP level 5. HP: 37/41 MP: 0/0
    19 | D        | Learned a level 2 spell: Scorch
    43 | D        | Reached skill level 1 in Armour
    43 | D        | Reached XP level 6. HP: 20/48 MP: 0/0
    54 | D        | Noticed Menkaure
    63 | D        | Killed Menkaure
    64 | D        | Reached skill level 5 in Fighting
    73 | D        | Slain by a boulder beetle

Illustrated notes

Levels and vault maps discovered:
D:        the_violet_keep_of_menkaure [sprint2_stairs_cluster_1,
          sprint2_shoproom, sprint2_temple, sprint2_basic_supplies,
          sprint2_obstacle_4, sprint2_obstacle_6, sprint2_obstacle_7,
          sprint2_obstacle_1, sprint2_obstacle_5, sprint2_timed_cluster_1,
          sprint2_smallroom_cluster_1, sprint2_smallroom_final_cluster_1,
          sprint2_transparent_cluster_1, sprint2_second_timed_cluster_1,
          sprint2_sniper_area_1, sprint2_heavy_combat_area_1,
          sprint2_mutation_trap_area_1, sprint2_forest_area_1,
          sprint2_light_combat_area_1, sprint2_behind_water_1,
          sprint2_near_end_vault_1]

Skill      XL: |  1  2  3  4  5  6 |
---------------+-------------------+-----
Fighting       | 3 4 5 |  5.2
Long Blades    | 5 6 8 9 |  9.0
Throwing       | 2 |  2.4
Dodging        | 5 7 8 9 |  9.1
Armour         | 1 |  1.7

Action                     |  1- 3 |  4- 6 || total
---------------------------+-------+-------++-------
  Melee: Long sword        |     6 |    39 ||    45
         Punch             |       |     2 ||     2
    Use: Potion            |     1 |     3 ||     4
 Armour: Leather armour    |     3 |    17 ||    20
  Dodge: Dodged            |       |    24 ||    24

Table legend: (Time is in decaauts)
 A = Elapsed time spent in this place.
 B = Non-inter-level travel time spent in this place.
 C = Inter-level travel time spent in this place.
 D = Time resting spent in this place.
 E = Time spent auto-exploring this place.
 F = Levels seen in this place.
 G = Mean time per level.
                   A        B        C        D        E       F      G
               +--------+--------+--------+--------+--------+-----+--------+
         Total |     74 |     74 |      0 |      8 |      0 |   1 |   74.0 |
       Dungeon |     74 |     74 |      0 |      8 |      0 |   1 |   74.0 |
               +--------+--------+--------+--------+--------+-----+--------+

Top non-repeatable levels by time:
       D: 74 daAuts
